cohdb
Replays
Latest Replays
All Replays
Popular Replays
Top Player Replays
Match Explorer
How It Works
Community
CoH3 Stats
Reddit
Sign in to upload your games and track your stats! →
Sign in with Steam
Match 45168987
Unlisted
Match 45168987
Overview
Messages
Build Orders
End
Pioneer Squad
Construct Infanterie Kompanie
Selects Terror Battlegroup
Selects Machine Gun Camouflage
MG 42 Machine Gun Team
Grenadier Squad
Grenadier Squad
Construct Panzergrenadier Kompanie
Medical Bunker
Panzergrenadier Squad
Selects Interrogate
Pak 40 Anti-tank Gun Team
Panzergrenadier Squad
Construct Panzer Kompanie
Selects Jericho Trumpet
Panzer IV Medium Tank
Jericho Trumpet
Panzergrenadier Squad
Selects V1 Rocket Strike
Panzer IV Medium Tank
Jericho Trumpet
Stoßtruppen Squad
infernoVenom
Timeless
NotQuiteAKing
Trivolka
0
0
Comments
sign in to comment!
No comments posted yet!